 Dungeon Crawl Stone Soup version 0.30-a0-879-ga8ba668304 (webtiles) character file.

Game seed: 13155363571211022239

48 Pimp the Firebug (level 3, -4/24 HPs)
             Began as a Demonspawn Fire Elementalist on Mar 13, 2023.
             Slain by Grinder (6 damage)
             ... on level 3 of the Dungeon.
             The game lasted 00:04:46 (1800 turns).

Pimp the Firebug (Demonspawn Fire Elementalist)     Turns: 1800, Time: 00:04:46

Health: -4/24      AC:  6    Str: 10    XL:     3   Next: 50%
Magic:  1/6        EV: 12    Int: 16    God:
Gold:   81         SH:  0    Dex: 13    Spells: 5/6 levels left

rFire   + . .      SeeInvis .    g - staff of earth
rCold   + . .      Faith    .    (no shield)
rNeg    . . .      Spirit   .    a - +0 robe
rPois   +          Reflect  .    (no helmet)
rElec   +          Rampage  .    m - +1 cloak
rCorr   +                        (no gloves)
Will    .....                    (no boots)
Stlth   ++                       (no amulet)
HPRegen 0.24/turn                (no ring)
MPRegen 0.10/turn                (no ring)

@: resistant
A: thin metallic scales 1, ignite blood 1
a: no special abilities


You were on level 3 of the Dungeon.
You visited 1 branch of the dungeon, and saw 3 of its levels.

You collected 81 gold pieces.

Inventory:

Hand Weapons
 c - a +0 club
Missiles
 r - 2 javelins
Armour
 a - a +0 robe (worn)
 e - a +0 leather armour
 m - a +1 cloak (worn)
Magical Staves
 g - a staff of earth (weapon)
Jewellery
 q - an amulet of guardian spirit
Scrolls
 d - a scroll of enchant armour {unknown}
 i - a scroll of blinking
 k - a scroll of poison {unknown}
 l - a scroll of teleportation {unknown}
 n - 2 scrolls of identify
 o - a scroll of brand weapon {unknown}
 s - a scroll of immolation {unknown}
Potions
 b - a potion of magic
 j - a potion of flight {unknown}
 p - a potion of curing {unknown}


   Skills:
 + Level 2.2 Dodging
 + Level 2.3 Stealth
 + Level 2.3 Spellcasting
 + Level 1.7 Conjurations
 + Level 3.0 Fire Magic


You had 5 spell levels left.
You knew the following spells:

 Your Spells              Type           Power      Damage    Failure   Level
a - Foxfire               Conj/Fire      36%        2x1d5     8%          1

Your spell library contained the following spells:

 Spells                   Type           Power      Damage    Failure   Level
 Scorch                   Fire           22%        2d6       9%          2
 Beastly Appendage        Tmut           2%         N/A       21%         1
 Wereblood                Tmut           1%         N/A       30%         2
 Inner Flame              Hex/Fire       6%         N/A       32%         3
 Ignite Poison            Fire/Tmut/Pois 5%         N/A       36%         3
 Kindle Blastsparks       Fire/Tloc/Air  10%        2d10      36%         3
 Spider Form              Tmut/Pois      1%         N/A       52%         3
 Flame Wave               Conj/Fire      9%         2d6       58%         4
 Freezing Cloud           Conj/Ice/Air   1%         6-21      99%         5


Dungeon Overview and Level Annotations

Branches:
Dungeon (3/15)

Altars:
Yredelemnul

Annotations:
D:3 Grinder


Innate Abilities, Weirdness & Mutations

You are partially covered in thin metallic scales. (AC +2)
Your demonic aura sometimes causes spilled blood to erupt in flames.


Message History

Unknown command.
As you read the scroll of fear, it crumbles to dust.
You assume a fearsome visage.
The hobgoblin looks frightened!
Grinder looks frightened!
The foxfire hits Grinder but does no damage.
Grinder is lightly wounded.
Your attack snaps Grinder out of her fear.
The foxfire hits Grinder.
Grinder is lightly wounded.
The foxfire hits Grinder.
Grinder is moderately wounded.
Grinder gestures at you. You resist with significant effort.
Casting: Foxfire (safe; 8% risk of failure)
Confirm with . or Enter, or press ? or * to list all spells.
You conjure some foxfire!
Grinder blinks!
The foxfire hits Grinder but does no damage.
Grinder is moderately wounded.
Grinder blinks!
You feel protected.
Casting: Foxfire (safe; 8% risk of failure)
Confirm with . or Enter, or press ? or * to list all spells.
You conjure some foxfire!
The hobgoblin howls in fear.
Casting: Foxfire (safe; 8% risk of failure)
Confirm with . or Enter, or press ? or * to list all spells.
You conjure some foxfire!
Your foxfire dissipates!
Your foxfire dissipates!
The foxfire hits Grinder but does no damage.
Grinder is lightly wounded.
Casting: Foxfire (safe; 8% risk of failure)
Confirm with . or Enter, or press ? or * to list all spells.
You conjure some foxfire!
Grinder blinks!
Your foxfire dissipates!
Grinder blinks!
Grinder attacks as you move away! Grinder hits you!
* * * LOW HITPOINT WARNING * * *
You writhe in agony.
You die...

#.# #.#§.g...#
#.# #........P
#.# #.#..?...#
#.# #.#....P.#
#.# #.#.......
#.## #.#.P....#
#..###..##''#.#
##..##§§§......
##..5@..v§§###
###########


You could see Grinder (ally target).

Vanquished Creatures
  An adder (D:3)
  2 ball pythons (D:1)
  3 endoplasms
  5 goblins
  6 hobgoblins
  4 kobolds
  3 quokkas
  5 bats
  2 frilled lizards
  3 rats
34 creatures vanquished.

Vanquished Creatures (others)
  43 foxfires
  A plant (D:3)
44 creatures vanquished.

Grand Total: 78 creatures vanquished

Notes
Turn   | Place    | Note
-------+----------+-------------------------------------------
     0 | D:1      | Pimp the Demonspawn Fire Elementalist began the quest for
                  | the Orb.
     0 | D:1      | Reached XP level 1. HP: 13/13 MP: 3/3
   256 | D:1      | Gained mutation: You are partially covered in thin metallic
                  | scales. (AC +2) [demonic ancestry]
   256 | D:1      | Reached XP level 2. HP: 8/19 MP: 1/5
  1169 | D:2      | Gained mutation: Your demonic aura sometimes causes spilled
                  | blood to erupt in flames. [demonic ancestry]
  1169 | D:2      | Reached XP level 3. HP: 24/24 MP: 6/6
  1201 | D:2      | Reached skill level 3 in Fire Magic
  1345 | D:2      | Found a basalt altar of Yredelemnul.
  1783 | D:3      | Noticed Grinder
  1800 | D:3      | Slain by Grinder

Illustrated notes

Levels and vault maps discovered:
D:1:      dpeg_arrival_arbitrary_c, layout_basic
D:2:      layout_basic, basic_altar
D:3:      cheibrodos_old_hovel, layout_basic, uniq_grinder

Skill      XL: |  1  2  3 |
---------------+----------+-----
Stealth        | 2 |  2.3
Dodging        | 2 |  2.2
Fire Magic     | 3 |  3.0
Spellcasting   | |  2.3
Conjurations   | |  1.7

Action                     || total
---------------------------++-------
  Melee: Club              ||    31
         Staff             ||    58
         Punch             ||     1
   Cast: Foxfire           ||    32
    Use: Scroll            ||     4
         Potion            ||     1
   Stab: Sleeping          ||     9
 Armour: Robe              ||    21
  Dodge: Dodged            ||    73

Table legend: (Time is in decaauts)
 A = Elapsed time spent in this place.
 B = Non-inter-level travel time spent in this place.
 C = Inter-level travel time spent in this place.
 D = Time resting spent in this place.
 E = Time spent auto-exploring this place.
 F = Levels seen in this place.
 G = Mean time per level.
                   A        B        C        D        E       F      G
               +--------+--------+--------+--------+--------+-----+--------+
         Total |   1819 |   1731 |     88 |    259 |   1078 |   3 |  606.3 |
       Dungeon |   1819 |   1731 |     88 |    259 |   1078 |   3 |  606.3 |
               +--------+--------+--------+--------+--------+-----+--------+

Top non-repeatable levels by time:
     D:1: 998 daAuts
     D:2: 710 daAuts
     D:3: 110 daAuts
